 Dungeon Crawl Stone Soup version 0.30.0-11-gf55b779eaf (webtiles) character file.

Game seed: 363089568027298968

236965 platinum the Bewitcher (level 18, -14/120 HPs)
             Began as a Vampire Enchanter on May 16, 2023.
             Was the Champion of Dithmenos.
             Demolished by a +4 scimitar of holy wrath (16 damage)
             ... on level 2 of the Elven Halls.
             The game lasted 02:22:12 (45601 turns).

platinum the Bewitcher (Vampire Enchanter)         Turns: 45601, Time: 02:22:13

Health: -14/120    AC: 13    Str: 10    XL:     18   Next: 52%
Magic:  11/28      EV: 28    Int: 20    God:    Dithmenos [******]
Gold:   2224       SH: 18    Dex: 27    Spells: 10/31 levels left

rFire   + . .        r - +10 dagger "Xaxiysut" {freeze, Dex+4}
rCold   + + +        H - +1 kite shield {rC+}
rNeg    + + +        y - +0 steam dragon scales
rPois   ∞            h - +2 helmet {SInv}
rElec   +            C - scarf {rC+ rF+}
rCorr   .            f - +0 pair of gloves
SInv    +            V - +2 pair of boots
Will    ++...        Q - amulet of reflection Stlth ******++++
                     W - ring of willpower
HPRegen 0.00/turn    Y - ring "Jaotril" {rElec Str+3 Int+3 SInv}
MPRegen 0.21/turn

%: reflection
@: bloodless, inhibited regen, wreathed by umbra
A: bloodless, fangs 3, see invisible, vampiric 2, noise suppression
}: 2/15 runes: barnacled, gossamer
a: Bat Form, Revivify, Renounce Religion, Shadow Step, Shadow Form


You were on level 2 of the Elven Halls.
You worshipped Dithmenos.
Dithmenos was exalted by your worship.
You visited 7 branches of the dungeon, and saw 33 of its levels.
You also visited: Ice Cave.

You collected 3417 gold pieces.
You spent 1193 gold pieces at shops.


Innate Abilities, Weirdness & Mutations

You do not regenerate when monsters are visible.
You are frail without blood (-20% HP).
You can heal yourself when you bite living creatures.
You are immune to poison.
You have razor-sharp teeth.
You have supernaturally acute eyesight. (SInv)
You are afflicted with vampirism and can become a bat while bloodless.
You passively dampen the noise of your surroundings.


   Skills:
 + Level 16.1 Fighting
 - Level 10.0 Short Blades
 - Level 3.0 Armour
 - Level 18.0 Dodging
 - Level 15.0 Stealth
 - Level 5.0 Shields
 - Level 7.0 Spellcasting
 - Level 20.0 Hexes
 - Level 5.0 Summonings
 - Level 7.0 Necromancy
 - Level 2.0 Ice Magic
 - Level 10.0 Invocations


You had 10 spell levels left.
You knew the following spells:

 Your Spells              Type           Power      Damage    Failure   Level
d - Tukima's Dance        Hex            72%        N/A       1%          3
e - Ensorcelled Hibernat  Hex/Ice        100%       N/A       1%          2
n - Dispel Undead         Necr           35%        3d15      22%         4
v - Summon Mana Viper     Hex/Summ       54%        N/A       6%          5
X - Enfeeble              Hex            36%        N/A       9%          7

Your spell library contained the following spells:

 Spells                   Type           Power      Damage    Failure   Level
 Confusing Touch          Hex            72%        N/A       1%          3
 Dazzling Flash           Conj/Hex       94%        N/A       1%          3
 Portal Projectile        Hex/Tloc       94%        N/A       1%          3
 Anguish                  Hex/Necr       28%        N/A       1%          4
 Cause Fear               Hex            36%        N/A       1%          4
 Necrotise                Necr           100%       1d9       2%          1
 Sublimation of Blood     Necr           35%        N/A       3%          2
 Summon Small Mammal      Summ           100%       N/A       4%          1
 Fulminant Prism          Conj/Hex       23%        3d12      6%          4
 Leda's Liquefaction      Hex/Erth       23%        N/A       6%          4
 Kiss of Death            Conj/Necr      84%        2d11      9%          1
 Call Canine Familiar     Summ           27%        N/A       14%         3
 Silence                  Hex/Air        23%        N/A       17%         5
 Cigotuvi's Dreadful Rot  Necr/Pois/Air  32%        N/A       22%         2
 Apportation              Tloc           14%        N/A       36%         1
 Magic Dart               Conj           28%        1d4       36%         1
 Sting                    Tmut/Pois      28%        1d4       36%         1
 Poisonous Vapours        Pois/Air       14%        N/A       50%         2
 Searing Ray              Conj           14%        2d5       50%         2
 Wereblood                Tmut           7%         N/A       50%         2
 Summon Ice Beast         Ice/Summ       21%        N/A       65%         4
 Volatile Blastmotes      Fire/Tloc      14%        2d11      75%         3
 Death Channel            Necr           17%        N/A       97%         6
 Iskenderun's Mystic Bla  Conj/Tloc      7%         2d4       98%         4
 Manifold Assault         Tloc           7%         N/A       98%         4
 Olgreb's Toxic Radiance  Pois           7%         N/A       98%         4
 Passage of Golubria      Tloc           7%         N/A       98%         4
 Petrify                  Tmut/Erth      7%         N/A       98%         4
 Dispersal                Tloc           3%         N/A       100%        6
 Iron Shot                Conj/Erth      3%         9d2       100%        6
 Starburst                Conj/Fire      3%         6d3       100%        6
 Monstrous Menagerie      Summ           13%        N/A       100%        7
 Spellforged Servitor     Conj/Summ      8%         N/A       100%        7
 Summon Hydra             Summ           13%        N/A       100%        7
 Disjunction              Tloc           3%         N/A       100%        8
 Lehudib's Crystal Spear  Conj/Erth      3%         10d3      100%        8

Inventory:

Hand Weapons
 r - the +10 dagger "Xaxiysut" (weapon) {freeze, Dex+4}
   (You found it on level 1 of the Spider Nest)

   Dex:       It affects your dexterity (+4).
Missiles
 E - 4 throwing nets {=f}
 Z - 3 curare-tipped darts {=f}
Armour
 f - a +0 pair of gloves (worn)
 g - a +2 troll leather armour {Snorg}
 h - a +2 helmet of see invisible (worn)
 y - +0 steam dragon scales (worn)
 C - a scarf of resistance (worn)
 G - an orb of guile
 H - a +1 kite shield of cold resistance (worn)
 V - a +2 pair of boots (worn)
Magical Staves
 N - a staff of death {!a}
 T - a staff of cold {!a}
Jewellery
 D - the ring "Yterisa" {rPois AC+4 Int+3 Dex+3}
   (You found it on level 1 of the Shoals)

   [ring of protection]

   AC:        It affects your AC (+4).
   Int:       It affects your intelligence (+3).
   Dex:       It affects your dexterity (+3).
   rPois:     It protects you from poison.
 F - a ring of fire
 Q - an amulet of reflection (around neck)
 R - a ring of resist corrosion
 W - a ring of willpower (left hand)
 Y - the ring "Jaotril" (right hand) {rElec Str+3 Int+3 SInv}
   (You found it on level 12 of the Dungeon)

   [ring of see invisible]

   Str:       It affects your strength (+3).
   Int:       It affects your intelligence (+3).
   rElec:     It insulates you from electricity.
   SInv:      It lets you see invisible.
Wands
 i - a wand of roots (40)
 s - a wand of flame (34)
 B - a wand of mindburst (19)
 I - a wand of digging (2)
Scrolls
 b - 3 scrolls of enchant weapon
 d - 15 scrolls of teleportation {@r2}
 m - 8 scrolls of fear
 p - 3 scrolls of blinking
 q - 3 scrolls of vulnerability
 t - 2 scrolls of torment
 u - 4 scrolls of silence {!r}
 v - 4 scrolls of poison
 x - 5 scrolls of amnesia
 J - 4 scrolls of enchant armour
 K - a scroll of brand weapon
 L - 8 scrolls of immolation
 O - 3 scrolls of magic mapping
 U - 4 scrolls of fog
Potions
 a - 2 potions of haste {@q3}
 c - 5 potions of invisibility
 e - 9 potions of curing {@q1}
 j - 6 potions of lignification
 k - 7 potions of resistance
 l - 5 potions of flight
 n - a potion of berserk rage {!q}
 o - 5 potions of brilliance
 w - 4 potions of magic
 z - a potion of cancellation
 A - 4 potions of ambrosia
 M - 5 potions of attraction
 P - 4 potions of heal wounds {@q2}
 S - 3 potions of might
Miscellaneous
 X - a lightning rod (4/4)

Dungeon Overview and Level Annotations

Branches:
Dungeon (15/15)            Temple (1/1) D:4            Lair (5/5) D:10
 Shoals (4/4) Lair:2       Spider (4/4) Lair:2        Slime (0/5) Lair:4
    Orc (2/2) D:12            Elf (2/3) Orc:2        Vaults (0/5) D:14
 Depths (0/4) D:15          IceCv (visited)

Altars:
Ashenzari
Cheibriados
Dithmenos
Fedhas
Gozag
Hepliaklqana
Kikubaaqudgha
Makhleb
Nemelex Xobeh
Okawaru
Qazlal
Ru
Sif Muna
Trog
Uskayaw
Vehumet
Wu Jian
Xom
Yredelemnul
Jiyva

Shops:
Orc:1 [   Orc:2 ?*!*[   Shoals:2 ?   Shoals:3 (

Portals:
Trove: Elf:1 (give +4 ice dragon scales)

Annotations:
D:10 2 transporters, monsoonserge's ghost, journeyman MeFi

#######
#.....#
##.....##
#.>.....#
#.......#
#...§§..#
##'..§@§##
##.#..§{S#
##<#####'##
#+# ##.##
#.# #.#
##.## #.#
#.# ##.##
#.#
##'###.##
#####'#####
#...#'##
#....>....#
.....##
#(........#


You could see a +4 scimitar of holy wrath (ally target) and a friendly mana
viper (summoned).


Message History

The +4 scimitar of holy wrath hits your mana viper!
Unknown command.
You hit the +4 scimitar of holy wrath.
Your bite misses the +4 scimitar of holy wrath.
The +4 scimitar of holy wrath is almost destroyed.
You block the +4 scimitar of holy wrath's attack.
Your mana viper closely misses the +4 scimitar of holy wrath.
Unknown command.
You hit the +4 scimitar of holy wrath but do no damage.
You bite the +4 scimitar of holy wrath, but do no damage.
The +4 scimitar of holy wrath is almost destroyed.
You block the +4 scimitar of holy wrath's attack.
Your mana viper barely misses the +4 scimitar of holy wrath.
Your magical contamination has completely faded away.
Unknown command.
You hit the +4 scimitar of holy wrath but do no damage.
Your bite misses the +4 scimitar of holy wrath.
The +4 scimitar of holy wrath is severely damaged.
Your shadow barely misses the +4 scimitar of holy wrath.
You block the +4 scimitar of holy wrath's attack.
Your mana viper completely misses the +4 scimitar of holy wrath.
Unknown command.
You hit the +4 scimitar of holy wrath but do no damage.
The +4 scimitar of holy wrath is severely damaged.
You block the +4 scimitar of holy wrath's attack.
Your mana viper bites the +4 scimitar of holy wrath.
The +4 scimitar of holy wrath hits you!!
* * * LOW HITPOINT WARNING * * *
You emit a cloud of dark smoke.
You convulse!
You die...

Skill      XL: |  1  2  3  4  5  6  7  8  9 10 11 12 13 14 15 16 17 18 |
---------------+-------------------------------------------------------+-----
Stealth        | 5 6 7 9 12 14 15 | 15.0
Hexes          | 5 6 7 10 12 15 18 20 | 20.0
Short Blades   | 2 4 5 10 | 10.0
Dodging        | 3 4 5 10 11 13 15 17 18 | 18.0
Spellcasting   | 3 4 7 |  7.0
Fighting       | 2 5 6 10 12 15 16 | 16.1
Summonings     | 5 |  5.0
Ice Magic      | 2 |  2.0
Invocations    | 3 10 | 10.0
Shields        | 1 5 |  5.0
Armour         | 3 |  3.0
Necromancy     | 2 7 |  7.0

Action                     |  1- 3 |  4- 6 |  7- 9 | 10-12 | 13-15 | 16-18 || total
---------------------------+-------+-------+-------+-------+-------+-------++-------
  Melee: Dagger            |    56 |   157 |   212 |   313 |  1289 |  1135 ||  3162
         Bite              |     3 |    15 |    28 |    70 |   281 |   183 ||   580
         Punch             |       |     2 |     5 |     8 |    28 |       ||    43
         Kick              |       |       |    11 |       |       |       ||    11
         Headbutt          |       |       |     6 |       |       |       ||     6
         Short sword       |       |       |       |    98 |   181 |    14 ||   293
         Rapier            |       |       |       |     4 |       |       ||     4
   Cast: Ensorcelled Hiber |    13 |     9 |    41 |    72 |    70 |    17 ||   222
         Tukima's Dance    |       |     7 |    26 |    14 |    45 |       ||    92
         Summon Mana Viper |       |       |       |    11 |   127 |    69 ||   207
         Enfeeble          |       |       |       |       |       |    28 ||    28
 Invoke: Shadow Step       |       |       |       |     1 |     5 |    12 ||    18
Ability: Exsanguinate      |     1 |       |     1 |       |       |       ||     2
         Revivify          |       |     1 |       |       |       |       ||     1
         End Transformatio |       |       |       |     1 |     2 |       ||     3
         Bat Form          |       |       |       |     1 |     2 |       ||     3
  Evoke: Wand              |       |       |    18 |     3 |    31 |       ||    52
         Lightning rod     |       |       |       |       |     1 |       ||     1
    Use: Potion            |       |       |     4 |     1 |     3 |       ||     8
         Scroll            |       |       |       |       |    27 |     6 ||    33
   Stab: Sleeping          |    22 |    35 |    50 |   116 |   168 |   178 ||   569
         Distracted        |       |     2 |       |     1 |    29 |    27 ||    59
         Invisible         |       |       |       |       |       |    22 ||    22
 Armour: Robe              |     3 |    17 |    18 |       |       |       ||    38
         Steam dragon scal |       |       |    14 |    49 |   165 |   104 ||   332
  Dodge: Dodged            |    29 |    67 |   141 |   313 |  1579 |   923 ||  3052
  Block: Kite shield       |       |       |       |       |    24 |  1075 ||  1099
         Reflection        |       |       |       |       |       |    59 ||    59

Levels and vault maps discovered:
D:1:      minmay_arrival_up_and_down, layout_rooms, minmay_misc_feat_pillars,
          due_unseen_surprise
D:2:      layout_basic, skrybe_limestone_x, st_stairs_8,
          kennysheep_generic_room_8
D:3:      layout_basic, mainiacjoe_overflow_boulevard,
          cheibrodos_ashenzari_chains, st_stairs_7, nicolae_hexahallways,
          minmay_stone_trees_small, uniq_terence, uniq_sigmund
D:4:      layout_loops_ring, mainiacjoe_overflow_catwalk,
          overflow_temple_1_default, nzn_wu_jian_contemplation,
          minmay_temple_entry_oklob
D:5:      layout_cave_pools, elyvilon_altar_1
D:6:      layout_gridville, mainiacjoe_overflow_alcove_1
D:7:      layout_cave_pools, uniq_maggie
D:8:      layout_basic, grunt_temple_overflow_order_and_chaos_2
D:9:      layout_long_grid, nicolae_overflow_hidden_temple,
          nicolae_yredelemnul_corpse_copse, lemuel_doored_altar,
          grunt_ogre_cave, minmay_tree_intersection
D:10:     layout_loops_ring, dpeg_oklobed_lair,
          gammafunk_ghost_berserking_beasts, uniq_lodul
D:11:     wad_woods_structure_01, layout_layer_cave,
          hellmonk_guarded_unrand_dark_maul
D:12:     layout_basic, david_orc_4
D:13:     layout_basic, hellmonk_ghost_big_iron, minmay_misc_feat_nine_boxes,
          lightli_airlock
D:14:     hangedman_cross_stitches, layout_stronghold,
          grunt_vaults_entry_fortified,
          nicolae_gozag_cash_rules_everything_around_me,
          portal_ice_cave_entry_ice_statue_one
D:15:     hangedman_depths_entry_try_elsewhere_first, layout_basic
Temple:   eino_wide_crystal_templ
Lair:1:   layout_gridlike, ebering_ghost_xom, lemuel_fruit_fields,
          serial_bayou_shore_b, grunt_megastairs_2
Lair:2:   layout_layer_cave, minmay_shoals_entry_beasts,
          nicolae_spider_entry_tight_spaces, serial_bayou_pond_c,
          pdpol_lair_cavern_descent, grunt_megastairs_4, lemuel_fruit_tree,
          infiniplex_staircase_pool
Lair:3:   layout_chaotic_city, kennysheep_abandoned_house, uniq_amaemon
Lair:4:   layout_regular_city, slime_entry_1, infiniplex_staircase_pool_2,
          grunt_megastairs_3
Lair:5:   hangedman_lair_caniforms_friends, layout_cave_pods,
          nicolae_lair_grove_arrangements
Shoals:1: layout_shoals, ebering_ghost_rock_garden, uniq_louise
Shoals:2: layout_shoals, serial_shops, nicolae_shop_tiny_statue_garden
Shoals:3: layout_shoals, serial_shops, nicolae_shop_just_a_little_nook,
          uniq_polyphemus
Shoals:4: shoals_end_grunt_garden, layout_shoals
Spider:1: layout_cave_pods, nicolae_spider_nooks_and_crannies, uniq_rupert
Spider:2: layout_chambers, uniq_kirke
Spider:3: layout_spider_delve
Spider:4: guppyfry_spider_rune, drop_trap, uniq_agnes
Orc:1:    layout_caves, serial_shops, nicolae_shop_tiny_real_fake_doors,
          mines5_lemuel
Orc:2:    st_orc_pillars, layout_diamond_mine, serial_shops, shop, uniq_sonja,
          uniq_erolcha, uniq_snorg
Elf:1:    layout_geoelf_diagonals, nicolae_trove_entry_path_of_doom,
          minmay_elf_annihilation
Elf:2:    elven_hall_of_blades_hangedman_original [nicolae_blade_tridents],
          layout_geoelf_grid, st_stairs_12

Notes
Turn   | Place    | Note
-------+----------+-------------------------------------------
     0 | D:1      | platinum the Vampire Enchanter began the quest for the Orb.
     0 | D:1      | Reached XP level 1. HP: 13/13 MP: 3/3
     9 | D:1      | You fall into a shaft and drop 1 floor!
    20 | D:2      | Reached XP level 2. HP: 19/19 MP: 5/5
    45 | D:2      | Learned a level 2 spell: Ensorcelled Hibernation
   551 | D:2      | Gained mutation: You are afflicted with vampirism and can
                  | become a bat while bloodless. [Vampire growth]
   551 | D:2      | Reached XP level 3. HP: 19/19 MP: 6/6
   874 | D:2      | Reached skill level 5 in Stealth
  1111 | D:1      | Reached skill level 5 in Hexes
  1118 | D:1      | Learned a level 3 spell: Tukima's Dance
  1277 | D:1      | Reached skill level 2 in Short Blades
  1326 | D:1      | Reached XP level 4. HP: 12/24 MP: 2/7
  1697 | D:3      | Reached skill level 3 in Dodging
  1810 | D:3      | Noticed Sigmund
  1817 | D:3      | Killed Sigmund
  1818 | D:3      | Reached skill level 6 in Stealth
  1818 | D:3      | Reached skill level 3 in Spellcasting
  1818 | D:3      | Reached skill level 6 in Hexes
  1818 | D:3      | Reached XP level 5. HP: 28/28 MP: 7/9
  1892 | D:3      | Noticed Terence
  1899 | D:3      | Killed Terence
  1900 | D:3      | Reached XP level 6. HP: 32/32 MP: 10/10
  1906 | D:3      | Found a broken altar of Ashenzari.
  1949 | D:3      | Found a bloodstained altar of Trog.
  2459 | D:3      | Reached skill level 4 in Dodging
  3353 | D:4      | Found a radiant altar of Vehumet.
  3362 | D:4      | Found a staircase to the Ecumenical Temple.
  3496 | D:4      | Reached skill level 7 in Stealth
  3567 | D:4      | Found an ornate altar of the Wu Jian Council.
  3905 | D:4      | Reached XP level 7. HP: 41/41 MP: 12/12
  3948 | D:4      | Found an iron altar of Okawaru.
  3964 | D:4      | Reached skill level 7 in Hexes
  4257 | D:4      | HP: 2/41 [oklob sapling/splash of acid (21)]
  4373 | D:5      | Entered Level 5 of the Dungeon
  4465 | D:5      | Reached skill level 4 in Spellcasting
  4630 | D:5      | Reached skill level 1 in Fighting
  4646 | D:5      | Reached skill level 5 in Dodging
  4716 | D:5      | Reached skill level 8 in Stealth
  4856 | D:5      | Reached skill level 2 in Fighting
  5246 | D:6      | Reached skill level 9 in Stealth
  5246 | D:6      | Reached XP level 8. HP: 39/45 MP: 9/14
  5293 | D:6      | Reached skill level 3 in Fighting
  5418 | D:6      | Gained mutation: You have large cloven feet. [potion of
                  | mutation]
  5418 | D:6      | Gained mutation: You have a pair of small horns on your
                  | head. [potion of mutation]
  5418 | D:6      | Gained mutation: You occasionally lose the ability to drink
                  | potions when taking damage. [potion of mutation]
  5419 | D:6      | HP: 2/48 [acid (11)]
  5424 | D:6      | Reached skill level 4 in Fighting
  5639 | D:6      | Lost mutation: You have large cloven feet. [potion of
                  | mutation]
  5639 | D:6      | Lost mutation: You occasionally lose the ability to drink
                  | potions when taking damage. [potion of mutation]
  5639 | D:6      | Lost mutation: You have a pair of small horns on your head.
                  | [potion of mutation]
  5639 | D:6      | Gained mutation: You passively dampen the noise of your
                  | surroundings. [potion of mutation]
  5781 | D:6      | Found a blossoming altar of Fedhas.
  5791 | D:6      | Reached skill level 5 in Fighting
  5898 | D:6      | Reached skill level 10 in Stealth
  6389 | Temple   | Entered the Ecumenical Temple
  6436 | Temple   | Became a worshipper of Dithmenos the Shadowed
  6665 | D:6      | Reached skill level 11 in Stealth
  6803 | D:6      | HP: 2/49 [gnoll bouda/+0 whip (8)]
  6811 | D:6      | HP: 3/49 [gnoll bouda/+0 whip (4)]
  7048 | D:7      | Reached skill level 12 in Stealth
  7048 | D:7      | Reached XP level 9. HP: 54/54 MP: 12/15
  7054 | D:7      | Learned a level 5 spell: Summon Mana Viper
  7109 | D:7      | Noticed Maggie
  7116 | D:7      | Killed Maggie
  7117 | D:7      | Reached skill level 8 in Hexes
  7117 | D:7      | Reached skill level 2 in Summonings
  7438 | D:7      | Reached skill level 3 in Summonings
  7701 | D:7      | Reached skill level 9 in Hexes
  7737 | D:7      | Reached * piety under Dithmenos
  8227 | D:8      | Reached skill level 4 in Summonings
  8357 | D:8      | Reached skill level 10 in Hexes
  8362 | D:8      | Reached skill level 5 in Summonings
  8364 | D:8      | Reached skill level 1 in Ice Magic
  8613 | D:8      | Found a burning altar of Makhleb.
  8614 | D:8      | Noticed an angel
  8614 | D:8      | Noticed an Executioner
  8707 | D:8      | Reached skill level 3 in Short Blades
  8707 | D:8      | Reached skill level 2 in Ice Magic
  8924 | D:8      | Reached skill level 4 in Short Blades
  8940 | D:8      | Reached XP level 10. HP: 59/59 MP: 16/16
  9215 | D:9      | Reached skill level 5 in Short Blades
  9389 | D:9      | Reached ** piety under Dithmenos
  9494 | D:9      | Found an opulent altar of Gozag.
  9527 | D:9      | Reached skill level 6 in Dodging
  9938 | D:9      | Reached skill level 7 in Dodging
 10188 | D:9      | Reached skill level 8 in Dodging
 10297 | D:9      | Reached skill level 9 in Dodging
 10363 | D:9      | Found a basalt altar of Yredelemnul.
 10482 | D:10     | Entered Level 10 of the Dungeon
 10489 | D:10     | Noticed Lodul
 10494 | D:10     | Killed Lodul
 10495 | D:10     | Reached skill level 10 in Dodging
 10496 | D:10     | Reached skill level 11 in Hexes
 10568 | D:10     | Found a transporter.
 10568 | D:10     | Noticed monsoonserge's ghost (journeyman MeFi)
 10687 | D:10     | Found a transporter.
 10687 | D:10     | Noticed a moth of wrath
 10755 | D:10     | Noticed a manticore
 10769 | D:10     | Found a staircase to the Lair.
 10772 | D:10     | Killed a manticore
 10773 | D:10     | Reached skill level 12 in Hexes
 10773 | D:10     | Reached XP level 11. HP: 63/63 MP: 14/17
 11194 | D:10     | Reached skill level 13 in Hexes
 11481 | D:10     | Noticed a catoblepas
 11492 | D:10     | Noticed an eight-headed hydra
 11709 | Lair:1   | Entered Level 1 of the Lair of Beasts
 11829 | Lair:1   | Reached skill level 14 in Hexes
 11881 | Lair:1   | Reached *** piety under Dithmenos
 12286 | Lair:1   | Reached skill level 13 in Stealth
 12390 | Lair:1   | Found a shimmering altar of Xom.
 12390 | Lair:1   | Noticed feetsoup's ghost (journeyman DgFi)
 12391 | Lair:1   | Found a runed translucent door.
 12391 | Lair:1   | Noticed a +4 scimitar of chaos
 12619 | Lair:1   | Reached skill level 15 in Hexes
 13000 | Lair:2   | Reached skill level 14 in Stealth
 13015 | Lair:2   | Identified the +1 whip "Concordance" {protect, rElec}
 13141 | Lair:2   | Found a staircase to the Shoals.
 13142 | Lair:2   | Noticed a death yak
 13142 | Lair:2   | Noticed a death yak
 13142 | Lair:2   | Noticed a death yak
 13145 | Lair:2   | Killed a death yak
 13146 | Lair:2   | Reached skill level 6 in Fighting
 13343 | Lair:2   | Killed a death yak
 13350 | Lair:2   | Killed a death yak
 13351 | Lair:2   | Reached XP level 12. HP: 24/71 MP: 14/18
 13624 | Lair:2   | Reached skill level 15 in Stealth
 13709 | Lair:2   | Noticed a six-headed hydra
 13720 | Lair:2   | Killed a six-headed hydra
 13732 | Lair:2   | Reached skill level 7 in Fighting
 14012 | Lair:2   | Found a hole to the Spider Nest.
 14063 | Lair:2   | Reached skill level 8 in Fighting
 14310 | Lair:2   | Reached **** piety under Dithmenos
 14327 | Lair:2   | Reached skill level 9 in Fighting
 14912 | Lair:3   | Reached skill level 10 in Fighting
 15251 | Lair:3   | Noticed Amaemon
 15770 | Lair:3   | Reached skill level 11 in Dodging
 15795 | Lair:3   | Killed Amaemon
 15812 | Lair:3   | Reached XP level 13. HP: 84/84 MP: 16/19
 16298 | Lair:4   | Reached skill level 11 in Fighting
 16301 | Lair:4   | Found a staircase to the Slime Pits.
 16305 | Lair:4   | Found a viscous altar of Jiyva.
 16909 | Lair:4   | Reached skill level 12 in Dodging
 17839 | Lair:5   | Entered Level 5 of the Lair of Beasts
 18283 | Lair:5   | Reached skill level 12 in Fighting
 18524 | Lair:5   | Reached ***** piety under Dithmenos
 18688 | Lair:5   | Reached skill level 1 in Invocations
 19033 | Lair:5   | Reached skill level 13 in Dodging
 19125 | Lair:5   | Reached skill level 2 in Invocations
 19574 | Lair:5   | HP: 2/87 [warg (10)]
 19752 | Lair:5   | Reached skill level 3 in Invocations
 20854 | D:11     | Reached XP level 14. HP: 92/92 MP: 20/20
 21175 | D:11     | Reached skill level 13 in Fighting
 21175 | D:11     | Reached skill level 14 in Dodging
 22626 | D:12     | Identified 3 potions of resistance
 22694 | D:12     | Reached ****** piety under Dithmenos
 22846 | D:12     | Identified the ring "Jaotril" {rElec Str+3 Int+3 SInv}
 23546 | D:12     | Found a staircase to the Orcish Mines.
 23563 | Orc:1    | Entered Level 1 of the Orcish Mines
 23711 | Orc:1    | Identified a +1 robe of the Archmagi
 23817 | Orc:2    | Entered Level 2 of the Orcish Mines
 23887 | Orc:2    | Found a staircase to the Elven Halls.
 23944 | Orc:1    | Found Waen's Armour Shoppe.
 23952 | Orc:1    | Bought a +0 helmet for 58 gold pieces
 23952 | Orc:1    | Bought a +0 cloak for 58 gold pieces
 24165 | Orc:1    | Noticed an orc warlord
 24169 | Orc:1    | Killed an orc warlord
 24721 | Orc:2    | Noticed Sonja
 24726 | Orc:2    | Killed Sonja
 24727 | Orc:2    | Reached skill level 15 in Dodging
 24901 | Orc:2    | Reached skill level 14 in Fighting
 25427 | Orc:2    | Found Wejox's Magic Scroll Shoppe.
 25461 | Orc:2    | Noticed Snorg
 25479 | Orc:2    | HP: 7/96 [Snorg (21)]
 25789 | Orc:2    | Noticed Erolcha
 25807 | Orc:2    | Killed Erolcha
 25897 | Orc:2    | Bought a scroll of blinking for 105 gold pieces
 26142 | Orc:2    | HP: 7/96 [orc knight (26)]
 26819 | Orc:2    | Killed Snorg
 26965 | Orc:2    | Reached skill level 15 in Fighting
 27049 | Orc:2    | Found Giyh Bai's Distillery.
 27052 | Orc:2    | Found Naow's Assorted Antiques.
 27053 | Orc:2    | Found Dyev's Assorted Antiques.
 27054 | Orc:2    | Found Mofeb's Antique Armour Emporium.
 27057 | Orc:2    | Bought a potion of heal wounds for 135 gold pieces
 27057 | Orc:2    | Bought a lumpy citrine amulet for 135 gold pieces
 27076 | Orc:2    | Bought a thick cabochon amulet for 155 gold pieces
 27089 | Orc:2    | Bought a runed helmet for 172 gold pieces
 27106 | Orc:2    | Bought a potion of invisibility for 120 gold pieces
 27442 | D:13     | Noticed croobank's ghost (journeyman GnFE)
 27442 | D:13     | Found a runed translucent door.
 27891 | D:13     | Reached XP level 15. HP: 103/103 MP: 21/21
 28179 | D:13     | Found a runed translucent door.
 28532 | D:13     | Noticed a frost giant
 28534 | D:13     | Killed a frost giant
 28535 | D:13     | Reached skill level 16 in Dodging
 28623 | D:13     | Killed croobank's ghost
 28643 | D:13     | Got the Parchment of the Syncline
 29081 | D:14     | Reached skill level 16 in Hexes
 29195 | D:14     | Found a frozen archway.
 29204 | IceCv    | Entered an ice cave
 30561 | IceCv    | HP: 7/103 [reaper/+0 scythe of freezing (22)]
 31225 | IceCv    | Reached skill level 17 in Hexes
 31754 | D:14     | Reached skill level 17 in Dodging
 32800 | D:14     | Found an opulent altar of Gozag.
 33037 | D:14     | Reached skill level 18 in Hexes
 33039 | D:14     | Found a gate to the Vaults.
 33417 | D:15     | Entered Level 15 of the Dungeon
 33516 | D:15     | Reached skill level 1 in Shields
 33795 | D:15     | Found a staircase to the Depths.
 33797 | D:15     | Reached XP level 16. HP: 108/108 MP: 22/22
 34239 | D:15     | Reached skill level 2 in Shields
 34542 | Lair:1   | Upgraded the game from 0.30.0-10-gfe55d96785 to
                  | 0.30.0-11-gf55b779eaf
 34586 | Lair:1   | Killed feetsoup's ghost
 34639 | Spider:1 | Entered Level 1 of the Spider Nest
 34681 | Spider:1 | Noticed Rupert
 34687 | Spider:1 | Killed Rupert
 35032 | Spider:1 | Reached skill level 18 in Dodging
 35108 | Spider:1 | Learned a level 7 spell: Enfeeble
 35129 | Spider:1 | Reached skill level 3 in Shields
 35146 | Spider:1 | Reached skill level 19 in Hexes
 35396 | Spider:1 | Reached skill level 6 in Short Blades
 35593 | Spider:1 | Reached skill level 4 in Shields
 35660 | Spider:1 | Identified the +10 dagger "Xaxiysut" {freeze, Dex+4}
 36162 | Spider:2 | Reached skill level 7 in Short Blades
 36279 | Spider:2 | Noticed Kirke
 36292 | Spider:2 | Killed Kirke
 36300 | Spider:2 | Reached skill level 5 in Shields
 36531 | Spider:2 | Identified the +3 ring mail of the Game of Life {Fly rPois
                  | Str-2}
 36696 | Spider:2 | Reached skill level 20 in Hexes
 36762 | Spider:2 | Reached skill level 8 in Short Blades
 37286 | Spider:2 | Reached skill level 9 in Short Blades
 37875 | Spider:3 | Reached skill level 10 in Short Blades
 38145 | Spider:3 | Reached XP level 17. HP: 90/113 MP: 10/23
 38308 | Spider:3 | Reached skill level 4 in Invocations
 38416 | Spider:3 | Reached skill level 5 in Spellcasting
 38512 | Spider:4 | Entered Level 4 of the Spider Nest
 38515 | Spider:4 | Noticed Agnes
 38517 | Spider:4 | Killed Agnes
 38807 | Spider:4 | Identified a scarf of resistance
 39155 | Spider:4 | Reached skill level 5 in Invocations
 39319 | Spider:4 | Reached skill level 6 in Spellcasting
 39541 | Spider:4 | Reached skill level 6 in Invocations
 39624 | Spider:4 | Reached skill level 7 in Spellcasting
 39774 | Spider:4 | Got a gossamer rune of Zot
 39799 | Spider:4 | Reached skill level 7 in Invocations
 39801 | Spider:4 | Reached skill level 1 in Armour
 40145 | Shoals:1 | Entered Level 1 of the Shoals
 40148 | Shoals:1 | Reached skill level 2 in Armour
 40191 | Shoals:1 | Noticed Louise
 40221 | Shoals:1 | Killed Louise
 40428 | Shoals:1 | Reached skill level 3 in Armour
 40633 | Shoals:1 | Found a runed translucent gate.
 40634 | Shoals:1 | Found a runed translucent gate.
 40635 | Shoals:1 | Found a runed translucent gate.
 40645 | Shoals:1 | Noticed arthad's ghost (adept VSFi)
 40729 | Shoals:1 | Killed arthad's ghost
 40733 | Shoals:1 | Identified the ring "Yterisa" {rPois AC+4 Int+3 Dex+3}
 41041 | Shoals:2 | Reached skill level 8 in Invocations
 41086 | Shoals:2 | You fall into a shaft and drop 1 floor!
 41239 | Shoals:3 | Noticed Polyphemus
 41243 | Shoals:3 | Killed Polyphemus
 41244 | Shoals:3 | Reached skill level 9 in Invocations
 41427 | Shoals:3 | Identified the +1 ring mail of Paxaops {Str+4}
 41506 | Shoals:3 | Found Teamituna's Antique Weapon Shop.
 41927 | Shoals:3 | Reached skill level 1 in Necromancy
 42092 | Shoals:2 | Found Siox Wav's Magic Scroll Shoppe.
 42154 | Shoals:2 | Bought a scroll of fear for 68 gold pieces
 42154 | Shoals:2 | Bought 2 scrolls of fear for 136 gold pieces
 42154 | Shoals:2 | Bought a scroll of teleportation for 51 gold pieces
 42278 | Shoals:2 | Reached skill level 2 in Necromancy
 42278 | Shoals:2 | Reached skill level 10 in Invocations
 42283 | Shoals:2 | Reached XP level 18. HP: 112/119 MP: 24/28
 42382 | Shoals:2 | Reached skill level 3 in Necromancy
 42691 | Shoals:4 | Entered Level 4 of the Shoals
 42751 | Shoals:4 | Reached skill level 4 in Necromancy
 42858 | Shoals:4 | Identified the staff of cold "Dog Qid" {Fragile Fly rF+ rC+
                  | rN+}
 42923 | Shoals:4 | Reached skill level 5 in Necromancy
 43102 | Shoals:4 | Identified the staff of conjuration "Bam Miat" {Dex+3}
 43149 | Shoals:4 | Reached skill level 6 in Necromancy
 43395 | Shoals:4 | Reached skill level 7 in Necromancy
 43493 | Shoals:4 | Learned a level 4 spell: Dispel Undead
 43700 | Shoals:4 | Got a barnacled rune of Zot
 44282 | Elf:1    | Entered Level 1 of the Elven Halls
 44685 | Elf:1    | Got the Quarto of Combat Magic
 45073 | Elf:1    | Reached skill level 16 in Fighting
 45415 | Elf:1    | Found a portal to a secret trove of treasure.
 45601 | Elf:2    | HP: 2/120 [+4 scimitar of holy wrath (25)]
 45601 | Elf:2    | Demolished by a +4 scimitar of holy wrath

Vanquished Creatures
  Agnes (Spider:4)
  Polyphemus (Shoals:3)
  A frost giant (D:13)
  A deep elf sorcerer (Elf:1)
  8 emperor scorpions
  The ghost of arthad the Cleaver, an adept VSFi of Makhleb (Shoals:1)
  2 ghost moths
  Louise (Shoals:1)
  An orc warlord (Orc:1)
  2 reapers (IceCv)
  2 broodmothers
  2 spark wasps
  Snorg (Orc:2)
  3 merfolk impalers
  The ghost of croobank the Thaumaturge, a journeyman GnFE of Hepliaklqana (D:13)
  3 entropy weavers
  4 vault guards (D:14)
  3 caustic shrike simulacra (IceCv)
  6 hydras
  2 radroaches
  2 merfolk avatars
  A catoblepas (Shoals:3)
  4 centaur warriors
  4 boulder beetles
  4 two-headed ogres (D:11)
  2 merfolk aquamancers
  2 dancing weapons (Elf:1)
  A tengu warrior (D:14)
  3 death yaks
  5 satyrs
  A death scarab (Spider:1)
  Sonja (Orc:2)
  An orc high priest (Orc:2)
  A deep elf knight (Elf:1)
  Amaemon (Lair:3)
  Lodul (D:10)
  5 skysharks
  4 pharaoh ants
  10 sea snakes
  2 sun moths
  10 orb spiders
  An obsidian statue (IceCv)
  3 wizards
  6 steelbarb worms
  6 deep elf archers
  5 orc knights
  12 deep elf zephyrmancers (Elf:1)
  4 harpies (Shoals:1)
  16 manticores
  9 deep elf pyromancers
  8 fauns
  7 ugly things
  7 cyclopes
  2 moths of wrath
  21 wolf spiders
  3 merfolk sirens
  5 elephants
  An ice statue (D:14)
  3 water nymphs
  5 black mambas
  An orange demon (Lair:3)
  8 demonic crawlers
  2 gargoyles
  2 torpor snails
  6 cane toads
  2 kobold demonologists (D:12)
  4 rime drakes
  2 unseen horror zombies (D:9)
  An unseen horror (D:12)
  5 komodo dragons
  A tengu conjurer (D:14)
  Maggie (D:7)
  An ice devil (IceCv)
  A yaktaur (D:14)
  2 guardian mummies (Elf:1)
  2 golden dragon simulacra (IceCv)
  A queen bee (shapeshifter) (D:13)
  A meliai (D:13)
  A troll (shapeshifter) (D:14)
  22 tarantellas
  6 trolls
  7 polar bears
  4 wind drakes
  15 merfolk
  6 snapping turtles
  22 blink frogs
  28 slime creatures
  21 jumping spiders
  20 culicivoras
  5 water elementals
  A shadow (D:12)
  6 wyverns
  A spriggan (shapeshifter) (D:11)
  Sigmund (D:3)
  5 wraiths
  A vampire (D:10)
  3 basilisks
  An air elemental (Elf:1)
  3 nameless horrors
  A human (D:14)
  2 steam dragons (D:8)
  36 yaks
  49 redbacks
  3 vampire mosquitoes
  12 wargs
  6 hell hounds (Lair:5)
  2 acid dragons
  7 water moccasins
  A hydra simulacrum (IceCv)
  19 orc warriors
  An alligator simulacrum (IceCv)
  A sky beast (D:8)
  8 black bears
  2 ettin simulacra (IceCv)
  18 ogres
  18 centaurs
  26 wolves
  A phantom (D:4)
  2 kobold brigands
  5 bullfrogs
  A gnoll sergeant (D:7)
  A deep troll simulacrum (IceCv)
  An earth elemental (Elf:2)
  A scorpion (D:6)
  7 wights
  2 electric eels (Lair:2)
  An oklob sapling (D:4)
  3 howler monkeys
  5 centaur zombies (D:9)
  A lava snake (D:12)
  19 orc priests
  4 hounds
  3 jellies
  2 gnoll boudas
  6 sleepcaps
  Terence (D:3)
  2 iguanas
  13 orc wizards
  6 hell rats (Lair:3)
  3 howler monkey zombies (D:9)
  8 gnolls
  11 adders
  7 river rats (Lair:3)
  A shadow imp (D:6)
  2 white imps (D:6)
  An ufetubus (D:6)
  A worm (D:5)
  6 dart slugs
  65 orcs
  5 bats
  7 endoplasms
  3 giant cockroaches
  12 goblins
  9 hobgoblins
  2 jackals (D:1)
  6 ball pythons
  6 frilled lizards
  7 kobolds
  11 rats
929 creatures vanquished.

Vanquished Creatures (collateral kills)
  Rupert (Spider:1)
  Kirke (Spider:2)
  A ghost moth (Spider:4)
  An emperor scorpion (Spider:4)
  A reaper (IceCv)
  A merfolk impaler (Shoals:3)
  The ghost of feetsoup the Carver, a journeyman DgFi (Lair:1)
  2 caustic shrike simulacra (IceCv)
  A hydra (D:14)
  Erolcha (Orc:2)
  A two-headed ogre (D:13)
  A boulder beetle (D:11)
  A jorogumo (Spider:3)
  2 centaur warriors
  2 death yaks (Lair:2)
  4 orc high priests (Orc:2)
  A sun moth (Spider:4)
  2 sea snakes
  An obsidian statue (IceCv)
  A steelbarb worm (Spider:4)
  2 bog bodies (IceCv)
  2 harpies (Shoals:1)
  5 manticores
  5 fauns
  A steelbarb worm (shapeshifter) (D:15)
  4 orc knights (Orc:2)
  3 wolf spiders
  A cyclops (D:13)
  6 ugly things
  2 elephants
  9 slime creatures
  2 demonic crawlers (Spider:4)
  2 merfolk sirens
  A water nymph (Shoals:1)
  A torpor snail (Lair:2)
  2 cane toads
  2 rime drakes
  2 gargoyles
  2 freezing wraiths (IceCv)
  A golden dragon simulacrum (IceCv)
  4 merfolk
  3 polar bears (Lair:5)
  A tarantella (Spider:3)
  A wind drake (Shoals:4)
  2 blink frogs (Lair:3)
  2 jumping spiders (Spider:1)
  A shadow (D:11)
  3 yaks (Lair:5)
  A wraith (D:13)
  3 culicivoras
  A ynoxinul (D:13)
  9 vampire mosquitoes (D:10)
  2 wargs (Lair:5)
  17 redbacks
  9 hell hounds (Lair:5)
  19 orc warriors
  2 alligator simulacra (IceCv)
  An ogre (Orc:2)
  4 black bears (Lair:5)
  6 wolves
  An ettin simulacrum (IceCv)
  3 centaurs (D:13)
  3 nameless horrors
  A deep troll simulacrum (IceCv)
  A gnoll sergeant (D:11)
  A wight (D:9)
  A howler monkey (D:11)
  12 orc priests
  7 orc wizards
  A hell rat (Lair:3)
  8 gnolls
  24 orcs
  A kobold (D:6)
237 creatures vanquished.

Vanquished Creatures (others)
  A deep elf knight (Elf:1)
  2 humans (Spider:2)
  13 dancing weapons
  An orc wizard (D:12)
17 creatures vanquished.

Grand Total: 1183 creatures vanquished

Table legend: (Time is in decaauts)
 A = Elapsed time spent in this place.
 B = Non-inter-level travel time spent in this place.
 C = Inter-level travel time spent in this place.
 D = Time resting spent in this place.
 E = Time spent auto-exploring this place.
 F = Levels seen in this place.
 G = Mean time per level.
                   A        B        C        D        E       F      G
               +--------+--------+--------+--------+--------+-----+--------+
         Total |  45199 |  42835 |   2364 |   6074 |  25851 |  34 | 1329.4 |
       Dungeon |  19020 |  17839 |   1181 |   1726 |  11659 |  15 | 1268.0 |
        Temple |     54 |     48 |      6 |      0 |     37 |   1 |   54.0 |
          Lair |   9087 |   8639 |    448 |   1705 |   5105 |   5 | 1817.4 |
        Shoals |   4143 |   3862 |    281 |     50 |   2521 |   4 | 1035.8 |
   Spider Nest |   5338 |   5088 |    250 |     85 |   3651 |   4 | 1334.5 |
  Orcish Mines |   3769 |   3624 |    145 |   1068 |   1466 |   2 | 1884.5 |
   Elven Halls |   1302 |   1250 |     52 |      0 |    998 |   2 |  651.0 |
      Ice Cave |   2482 |   2482 |      0 |   1440 |    413 |   1 | 2482.0 |
               +--------+--------+--------+--------+--------+-----+--------+

Top non-repeatable levels by time:
   Orc:2: 2594 daAuts
  Lair:5: 2593 daAuts
   IceCv: 2482 daAuts
    D:14: 2154 daAuts
  Lair:2: 2044 daAuts
  Lair:3: 1760 daAuts
     D:4: 1742 daAuts
     D:6: 1725 daAuts
Spider:2: 1659 daAuts
    D:11: 1541 daAuts
  Lair:1: 1486 daAuts
Spider:1: 1440 daAuts
Spider:4: 1438 daAuts
Shoals:4: 1344 daAuts
    D:12: 1336 daAuts

Table legend:
 A = Non-vault XP
 B = Vault XP
 C = Vault XP percentage of total XP
 D = Non-vault monster count
 E = Vault monster count
 F = Vault count percentage of total count
                 A         B        C        D         E       F
            +---------+---------+-------+---------+---------+-------
      Total |  198208 |  136705 |  40.8 |     771 |     390 |  33.6
            +---------+---------+-------+---------+---------+-------
        D:1 |      51 |       0 |   0.0 |      28 |       0 |   0.0
        D:2 |      44 |      18 |  29.0 |      12 |       3 |  20.0
        D:3 |     143 |     266 |  65.0 |      29 |       4 |  12.1
        D:4 |     335 |      59 |  15.0 |      21 |       1 |   4.5
        D:5 |     416 |       0 |   0.0 |       8 |       0 |   0.0
        D:6 |    1098 |       0 |   0.0 |      28 |       0 |   0.0
        D:7 |    1061 |     356 |  25.1 |      30 |       1 |   3.2
        D:8 |    2117 |       0 |   0.0 |      23 |       0 |   0.0
        D:9 |    1804 |    1122 |  38.3 |      21 |      11 |  34.4
       D:10 |    3219 |    1711 |  34.7 |      19 |       9 |  32.1
       D:11 |    3683 |    6469 |  63.7 |      20 |      18 |  47.4
       D:12 |    3481 |     658 |  15.9 |      19 |      14 |  42.4
       D:13 |    6813 |    6888 |  50.3 |      18 |      13 |  41.9
       D:14 |   10885 |   13817 |  55.9 |      37 |      23 |  38.3
       D:15 |    6185 |    2190 |  26.1 |      18 |       4 |  18.2
     Lair:1 |    3390 |    1292 |  27.6 |      18 |       2 |  10.0
     Lair:2 |    6360 |    5754 |  47.5 |      20 |      22 |  52.4
     Lair:3 |    8001 |    1996 |  20.0 |      27 |      22 |  44.9
     Lair:4 |    5464 |    1329 |  19.6 |      18 |       2 |  10.0
     Lair:5 |    6816 |   10059 |  59.6 |      21 |      55 |  72.4
   Shoals:1 |    9619 |    2377 |  19.8 |      19 |       2 |   9.5
   Shoals:2 |    7026 |       0 |   0.0 |      13 |       0 |   0.0
   Shoals:3 |   16877 |    4694 |  21.8 |      33 |       5 |  13.2
   Shoals:4 |    6667 |   13914 |  67.6 |      15 |      24 |  61.5
   Spider:1 |   20567 |    3122 |  13.2 |      56 |       5 |   8.2
   Spider:2 |   17911 |    1396 |   7.2 |      54 |       1 |   1.8
   Spider:3 |   17517 |       0 |   0.0 |      45 |       0 |   0.0
   Spider:4 |    9040 |   23875 |  72.5 |      17 |      37 |  68.5
      Orc:1 |    3394 |    1529 |  31.1 |      23 |      12 |  34.3
      Orc:2 |    2405 |   13544 |  84.9 |      34 |      65 |  65.7
      Elf:1 |   15080 |    4827 |  24.2 |      25 |       8 |  24.2
      Elf:2 |     739 |       0 |   0.0 |       2 |       0 |   0.0
      IceCv |       0 |   13443 | 100.0 |       0 |      27 | 100.0
            +---------+---------+-------+---------+---------+-------
